 Dungeon Crawl Stone Soup version 0.32-a0-576-g706899e69d (webtiles) character file.

Game seed: 14810408712436180211

14107 croobank the Covert (level 11, -7/60 HPs)
             Began as a Felid Delver on Mar 1, 2024.
             Was an Elder of Kikubaaqudgha.
             Mangled by a komodo dragon (28 damage)
             ... on level 1 of the Lair of Beasts.
             The game lasted 01:04:22 (14048 turns).

croobank the Covert (Felid Delver)                 Turns: 14048, Time: 01:04:22

Health: -7/60      AC:  2    Str:  8    XL:     11   Next: 84%
Magic:  17/21      EV: 25    Int: 14    God:    Kikubaaqudgha [****..]
Gold:   1336       SH:  0    Dex: 18    Spells: 15/22 levels left
                                        Lives:  0   Deaths: 4

rFire   + +          +
                       - Unarmed
rCold   . . .        (shield unavailable)
rNeg    + . .        (body armour unavailable)
rPois   .            (helmet unavailable)
rElec   .            (cloak unavailable)
rCorr   .            (gloves unavailable)
SInv    +            (boots unavailable)
Will    +....        D - amulet "Qoubruerr" {rF+++ rN+ RegenMP+ Str-2 Int-2}
Stlth   +++++        B - ring of wizardry
HPRegen 0.30/turn    i - ring of willpower
MPRegen 0.57/turn

%: wizardry (x1)
@: weak-willed, jinxed
A: very small, claws 1, fangs 3, see invisible, shaggy fur 2, stealthy paws, no
weapons or thrown items, no armour, multi-lived
a: Renounce Religion, Unearth Wretches


You were on level 1 of the Lair of Beasts.
You worshipped Kikubaaqudgha.
Kikubaaqudgha was greatly pleased with you.
You visited 3 branches of the dungeon, and saw 13 of its levels.
You also visited: Bailey.

You collected 1555 gold pieces.
You spent 219 gold pieces at shops.

Inventory:

Jewellery
 f - an amulet of the acrobat
 g - a ring of positive energy
 h - an amulet of guardian spirit
 i - a ring of willpower (right paw)
 k - a ring of flight
 l - a +6 ring of strength
 m - a +4 ring of protection
 o - a ring of resist corrosion
 w - a ring of protection from fire
 B - a ring of wizardry (left paw)
 D - the amulet "Qoubruerr" (around neck) {rF+++ rN+ RegenMP+ Str-2 Int-2}
   (You acquired it in a bailey)

   [amulet of magic regeneration]

   It increases your rate of magic regeneration.
   Str-2:     It affects your strength (-2).
   Int-2:     It affects your intelligence (-2).
   rF+++:     It renders you almost immune to fire.
   rN+:       It protects you from negative energy.
   RegenMP+:  It increases your rate of magic regeneration.
 E - a ring of protection from fire
 G - a +5 ring of evasion
Talismans
 s - a beast talisman
Wands
 e - a wand of digging (4)
 y - a wand of iceblast (12)
 C - a wand of flame (17)
Scrolls
 a - 2 scrolls of fear
 c - a scroll of identify
 j - 3 scrolls of blinking
 n - 2 scrolls of amnesia
 p - 3 scrolls of poison
 q - 5 scrolls of teleportation
 t - a scroll of vulnerability
 x - a scroll of noise
Potions
 b - 6 potions of curing
 d - 3 potions of mutation
 v - 2 potions of degeneration
 z - a potion of resistance
 F - 3 potions of enlightenment
Miscellaneous
 A - a lightning rod (4/4)


   Skills:
 + Level 8.7 Fighting
 + Level 10.8 Dodging
 + Level 13.0 Stealth
 + Level 8.3 Unarmed Combat
 + Level 6.1 Spellcasting
 + Level 2.7 Conjurations
 - Level 5.0 Hexes
 - Level 5.5 Summonings
 + Level 3.6 Necromancy


You had 15 spell levels left.
You knew the following spells:

 Your Spells              Type           Power      Damage    Failure   Level
a - Dazzling Flash        Conj/Hex       30%        N/A       4%          3
b - Call Imp              Summ           38%        N/A       1%          2
J - Jinxbite              Hex            36%        N/A       1%          2

Your spell library contained the following spells:

 Spells                   Type           Power      Damage    Failure   Level
 Necrotise                Necr           56%        1d6       1%          1
 Sublimation of Blood     Necr           14%        N/A       2%          2
 Fugue of the Fallen      Necr           14%        N/A       4%          3
 Vampiric Draining        Necr           14%        2d7       4%          3
 Apportation              Tloc           8%         N/A       6%          1
 Cigotuvi's Dreadful Rot  Necr/Alch/Air  14%        N/A       6%          2
 Dispel Undead            Necr           14%        3d10      14%         4
 Volatile Blastmotes      Fire/Tloc      8%         2d10      19%         3
 Fulminant Prism          Conj/Alch      4%         3d5       32%         4
 Iskenderun's Mystic Bla  Conj/Tloc      8%         2d4       32%         4
 Curse of Agony           Necr           14%        N/A       34%         5
 Borgnjor's Vile Clutch   Necr/Erth      4%         N/A       58%         5
 Alistair's Intoxication  Alch           2%         N/A       83%         5
 Death Channel            Necr           7%         N/A       88%         6
 Starburst                Conj/Fire      4%         6d3       99%         6
 Summon Hydra             Summ           9%         N/A       99%         7
 Eringya's Noxious Bog    Alch           2%         4d6       100%        6
 Maxwell's Capacitive Co  Air            2%         ∞         100%        8


Dungeon Overview and Level Annotations

Branches:
Dungeon (11/15)            Temple (1/1) D:4            Lair (1/5) D:10
    Orc (0/2) D:10         Bailey (visited)

Altars:
Ashenzari
Cheibriados
Dithmenos
Fedhas
Gozag
Hepliaklqana
Kikubaaqudgha
Makhleb
Nemelex Xobeh
Okawaru
Qazlal
Sif Muna
Trog
Uskayaw
Vehumet
Wu Jian
Xom
Yredelemnul
Zin
The Shining One

Shops:
D:5 [(*?=

Annotations:
D:6 come back for bear and elec eel
D:11 !ork knight


Innate Abilities, Weirdness & Mutations

You have sharp claws.
You have razor-sharp teeth.
You have supernaturally acute eyesight. (SInv)
You are covered in thick fur. (AC +2)
Your paws help you pounce on unaware monsters.
You are incapable of wielding weapons or throwing items.
You cannot wear armour.
You gain extra lives every three experience levels.


Message History

A komodo dragon comes into view.
No target in view!
The komodo dragon hisses angrily.
Casting: Jinxbite (safe; 1% risk of failure)
Confirm with . or Enter, or press ? or * to list all spells.
Casting: Dazzling Flash (dangerous; 4% risk of failure)
Press: ? - help, Dir - look around, f - activate The komodo dragon is dazzled.
Casting: Dazzling Flash (dangerous; 4% risk of failure)
Confirm with . or Enter, or press ? or * to list all spells.
You beckon some vexing sprites to accompany your attacks.
You feel your willpower being sapped. The komodo dragon misses you.
You scratch the komodo dragon.
The komodo dragon is lightly wounded.
The komodo dragon is no longer blind.
The komodo dragon bites you!!
You scratch the komodo dragon. Your bite misses the komodo dragon.
The komodo dragon is lightly wounded.
A giggling sprite leaps out and smacks the komodo dragon with its own front talon.
The komodo dragon is moderately wounded.
The komodo dragon bites you!!
You are too injured to fight recklessly!
You are too injured to fight recklessly!
You are too injured to fight recklessly!
You are too injured to fight recklessly!
You completely miss the komodo dragon.
The komodo dragon is moderately wounded.
You claw the komodo dragon!
You bite the komodo dragon, but do no damage.
The komodo dragon is heavily wounded.
The komodo dragon completely misses you.
You claw the komodo dragon! Your bite misses the komodo dragon.
The komodo dragon is severely wounded.
The komodo dragon misses you.
Casting: Jinxbite (safe; 1% risk of failure)
Confirm with . or Enter, or press ? or * to list all spells.
Casting: Dazzling Flash (dangerous; 4% risk of failure)
Press: ? - help, Dir - look around, f - activate The komodo dragon seems less drained.
The komodo dragon bites you!!
You die...
Kikubaaqudgha rasps: You have failed me!
Welcome... death!

#...................
#...................
##...................
#..P##P###.##..##.###
##.#######.##..##.###
##.##......##........
#..........##..##....
##.##......##. #..<..
#..@......## ##....
#..#l###### ##.##
#..#.# ..# #..... ...
....... ....
##.###P.# ##### ###
###


You could see a komodo dragon.

Vanquished Creatures
  Erica (D:10)
  A two-headed ogre (D:10)
  Urug (D:11)
  Sonja (D:11)
  Amaemon (D:11)
  Maurice (D:8)
  An elephant (D:10)
  A cyclops (D:11)
  An orange demon (D:10)
  A cane toad (Lair:1)
  A komodo dragon (Lair:1)
  A polar bear (Lair:1)
  A troll (D:11)
  A hornet (D:10)
  2 shadows (D:9)
  16 yaks
  4 wyverns
  2 wraiths
  A basilisk (D:10)
  A warg (D:9)
  2 steam dragons
  2 water moccasins
  7 orc warriors
  A sky beast (D:7)
  3 black bears
  2 ogres
  3 ice beasts
  2 wolves (Lair:1)
  6 centaurs
  6 kobold brigands
  3 bullfrogs
  5 wights (D:7)
  4 scorpions
  A killer bee (D:8)
  5 hounds
  A jelly (D:7)
  9 orc priests
  A gnoll bouda (D:8)
  4 sleepcaps
  3 iguanas
  7 orc wizards
  4 gnolls
  4 adders
  2 shadow imps
  3 white imps (D:6)
  4 ufetubi (D:6)
  A dart slug (D:4)
  2 ribbon worms
  36 orcs
  8 endoplasms
  4 giant cockroaches
  11 goblins
  7 hobgoblins
  2 jackals (D:4)
  44 kobolds
  5 quokkas
  6 ball pythons
  3 bats
  5 frilled lizards
  5 rats
273 creatures vanquished.

Vanquished Creatures (collateral kills)
  An orc (D:10)
  A goblin (Bailey)
  A hobgoblin (Bailey)
  3 kobolds (Bailey)
6 creatures vanquished.

Vanquished Creatures (others)
  A yak (D:10)
  A steam dragon (D:10)
  An orc wizard (D:6)
  A kobold (D:6)
4 creatures vanquished.

Grand Total: 283 creatures vanquished

Notes
Turn   | Place    | Note
-------+----------+-------------------------------------------
     0 | D:5      | croobank the Felid Delver began the quest for the Orb.
     0 | D:5      | Reached XP level 1. HP: 12/12 MP: 2/2
    15 | D:5      | Noticed a scorpion
    21 | D:6      | Noticed a black bear
    24 | D:6      | Killed a black bear
    25 | D:6      | Reached skill level 7 in Stealth
    25 | D:6      | Reached XP level 2. HP: 16/16 MP: 3/3
    25 | D:6      | Reached XP level 3. HP: 20/20 MP: 4/4
    25 | D:6      | Reached XP level 4. HP: 25/25 MP: 5/5
    25 | D:6      | Gained a life (2 lives remaining)
    56 | D:5      | HP: 1/25 [scorpion (5)]
    57 | D:5      | Succumbed to a scorpion's poison
    57 | D:5      | Lost a life (1 life remaining)
   112 | D:5      | Found Notraih's Antique Armour Boutique.
   113 | D:5      | Found Xitideill's Assorted Antiques.
   114 | D:5      | Found Moeng's Weapon Emporium.
   114 | D:5      | Found Jiob's Jewellery Emporium.
   114 | D:5      | Found Leuzxigy's Magic Scroll Boutique.
   201 | D:5      | Noticed an ogre
   215 | D:5      | Killed an ogre
   216 | D:5      | Reached XP level 5. HP: 29/29 MP: 6/6
   269 | D:4      | Slain by a sleepcap
   269 | D:4      | Lost a life (0 lives remaining)
  1601 | D:2      | Gained mutation: You are covered in thick fur. (AC +2)
                  | [Felid growth]
  1601 | D:2      | Reached XP level 6. HP: 26/33 MP: 7/7
  1902 | D:3      | Found a shimmering blue altar of Sif Muna.
  1987 | D:3      | Found a snail-covered altar of Cheibriados.
  2004 | D:3      | Found a shadowy altar of Dithmenos.
  2009 | D:3      | Reached skill level 8 in Stealth
  2162 | D:3      | Found a broken altar of Ashenzari.
  2906 | D:4      | Found a staircase to the Ecumenical Temple.
  2915 | Temple   | Entered the Ecumenical Temple
  2934 | Temple   | Became a worshipper of Kikubaaqudgha
  2986 | D:4      | Reached skill level 5 in Dodging
  3000 | D:4      | Found a sparkling altar of Nemelex Xobeh.
  3000 | D:4      | Found a burning altar of Makhleb.
  3473 | D:5      | Bought a scroll of blinking for 82 gold pieces
  3473 | D:5      | Bought a scroll of identify for 22 gold pieces
  3473 | D:5      | Bought a scroll of blinking for 82 gold pieces
  3473 | D:5      | Bought a scroll of noise for 11 gold pieces
  3473 | D:5      | Bought a scroll of identify for 22 gold pieces
  3518 | D:5      | Reached XP level 7. HP: 29/38 MP: 8/8
  3518 | D:5      | Gained a life (1 life remaining)
  3713 | D:5      | Reached skill level 5 in Fighting
  4279 | D:6      | Reached skill level 9 in Stealth
  4463 | D:6      | Reached * piety under Kikubaaqudgha
  4463 | D:6      | Received a gift from Kikubaaqudgha
  4525 | D:6      | Reached skill level 5 in Unarmed Combat
  4525 | D:6      | Reached XP level 8. HP: 44/44 MP: 9/9
  4775 | D:6      | Found an iron altar of Okawaru.
  4994 | D:6      | Reached skill level 10 in Stealth
  5294 | D:6      | Slain by a black bear
  5294 | D:6      | Lost a life (0 lives remaining)
  5489 | D:7      | Reached ** piety under Kikubaaqudgha
  5977 | D:7      | Reached XP level 9. HP: 33/49 MP: 10/10
  6534 | D:8      | Noticed Maurice
  6537 | D:8      | Killed Maurice
  6538 | D:8      | Reached skill level 11 in Stealth
  6649 | D:8      | Found a basalt altar of Yredelemnul.
  7271 | D:9      | Found a flagged portal.
  7309 | Bailey   | Entered a bailey
  7320 | Bailey   | Learned a level 2 spell: Call Imp
  7392 | Bailey   | Reached skill level 1 in Summonings
  7406 | Bailey   | Reached skill level 1 in Spellcasting
  7504 | Bailey   | Reached *** piety under Kikubaaqudgha
  7504 | Bailey   | Received a gift from Kikubaaqudgha
  7714 | Bailey   | Identified a scroll of acquirement
  7725 | Bailey   | Reached XP level 10. HP: 38/56 MP: 5/13
  7725 | Bailey   | Gained a life (1 life remaining)
  8713 | D:10     | Entered Level 10 of the Dungeon
  8742 | D:10     | Noticed Erica
  8753 | D:10     | Killed Erica
  8754 | D:10     | Reached skill level 5 in Summonings
  8974 | D:10     | Acquired the amulet "Qoubruerr" {rF+++ rN+ RegenMP+ Str-2
                  | Int-2}
  9378 | D:10     | Reached skill level 5 in Spellcasting
  9449 | D:10     | Noticed a two-headed ogre
  9491 | D:10     | Learned a level 2 spell: Jinxbite
  9502 | D:10     | Paralysed by a hornet for 2 turns
  9503 | D:10     | Mangled by a hornet
  9503 | D:10     | Lost a life (0 lives remaining)
 10037 | D:10     | Killed a two-headed ogre
 10038 | D:10     | Reached skill level 5 in Hexes
 10038 | D:10     | Reached skill level 12 in Stealth
 10142 | D:10     | Noticed an elephant
 10154 | D:10     | Learned a level 3 spell: Dazzling Flash
 10163 | D:10     | Killed an elephant
 10163 | D:10     | Reached **** piety under Kikubaaqudgha
 10164 | D:10     | Reached skill level 1 in Necromancy
 10246 | D:9      | Reached XP level 11. HP: 60/60 MP: 17/19
 11067 | D:9      | Reached skill level 10 in Dodging
 11390 | D:10     | Noticed a two-headed ogre
 11722 | D:10     | Found a staircase to the Orcish Mines.
 11771 | D:10     | Reached skill level 1 in Conjurations
 11812 | D:10     | Found a staircase to the Lair.
 12304 | D:11     | Noticed Amaemon
 12304 | D:11     | Found a stormy altar of Qazlal.
 12549 | D:11     | Killed Amaemon
 13175 | D:11     | Noticed Sonja
 13182 | D:11     | Killed Sonja
 13291 | D:11     | Noticed Urug
 13292 | D:11     | Noticed an orc knight
 13297 | D:11     | Killed Urug
 13439 | Lair:1   | Entered Level 1 of the Lair of Beasts
 13947 | Lair:1   | Reached skill level 13 in Stealth
 14048 | Lair:1   | Mangled by a komodo dragon

Illustrated notes

Levels and vault maps discovered:
D:1:      dpeg_arrival_tiny_b, layout_loops_ring, dreamdust_wishing_well,
          fountainhead, minmay_lizard_pond
D:2:      layout_basic, st_stairs_10, hangedman_decor_push
D:3:      layout_rooms, grunt_dithmenos_smoke_and_mirrors,
          overflow_temple_1_default, mainiacjoe_overflow_small_starburst,
          mainiacjoe_overflow_surrounded_room
D:4:      layout_layer_cave, grunt_temple_overflow_open, temple_hall,
          nicolae_ossuary_entry_false_entrances
D:5:      layout_layer_cave, chequers_mini_garden, nicolae_wooded_promenade
D:6:      layout_loops_cross, nicolae_overflow_two_pavilions, kennysheep_mini,
          minmay_starry_boxes
D:7:      layout_cave_pods
D:8:      layout_loops_ring, yredelemnul_altar_generic, minmay_puff,
          uniq_maurice
D:9:      layout_basic, enter_bailey_5
D:10:     layout_basic, david_lair_generic, erik_orc_4, minmay_misc_feat_doors,
          grunt_ministairs_8, uniq_erica
D:11:     layout_gridville, hangedman_abyss_or_decor_lesser_grid,
          nicolae_qazlal_scattered_showers, uniq_urug, uniq_sonja, uniq_amaemon
Temple:   hellmonk_temple_forest_ring
Lair:1:   layout_regular_city, grunt_megastairs_1, uniq_maggie

Skill      XL: |  1  2  3  4  5  6  7  8  9 10 11 |
---------------+----------------------------------+-----
Dodging        | 3 4 5 6 8 9 10 | 10.8
Stealth        | 7 8 9 10 11 12 13 | 13.0
Fighting       | 4 5 6 7 8 |  8.7
Unarmed Combat | 3 4 5 6 7 8 |  8.3
Summonings     | 1 5 |  5.5
Spellcasting   | 1 5 6 |  6.1
Hexes          | 5 |  5.0
Necromancy     | 1 3 |  3.6
Conjurations   | 2 |  2.7

Action                     |  1- 3 |  4- 6 |  7- 9 | 10-12 || total
---------------------------+-------+-------+-------+-------++-------
  Melee: Unarmed           |     1 |   237 |   496 |   395 ||  1129
         Bite              |       |    33 |    61 |    56 ||   150
         Punch             |       |     6 |    23 |    38 ||    67
   Cast: Call Imp          |       |       |    11 |     6 ||    17
         Jinxbite          |       |       |       |    48 ||    48
         Dazzling Flash    |       |       |       |    32 ||    32
  Evoke: Wand              |       |     1 |       |    12 ||    13
         Lightning rod     |       |       |       |     5 ||     5
    Use: Scroll            |       |     6 |     6 |    14 ||    26
         Potion            |       |     1 |     4 |     2 ||     7
   Stab: Sleeping          |     1 |    25 |    18 |     7 ||    51
         Distracted        |       |       |     1 |     1 ||     2
         Invisible         |       |       |       |    18 ||    18
 Armour: Skin              |       |    60 |   147 |   151 ||   358
  Dodge: Dodged            |       |   205 |   510 |   569 ||  1284

Table legend: (Time is in decaauts)
 A = Elapsed time spent in this place.
 B = Non-inter-level travel time spent in this place.
 C = Inter-level travel time spent in this place.
 D = Time resting spent in this place.
 E = Time spent auto-exploring this place.
 F = Levels seen in this place.
 G = Mean time per level.
                   A        B        C        D        E       F      G
               +--------+--------+--------+--------+--------+-----+--------+
         Total |  13896 |  13470 |    426 |   3391 |   6839 |  14 |  992.6 |
       Dungeon |  12572 |  12183 |    389 |   2799 |   6581 |  11 | 1142.9 |
        Temple |     37 |      1 |     36 |      0 |      0 |   1 |   37.0 |
          Lair |    602 |    602 |      0 |    287 |    169 |   1 |  602.0 |
        Bailey |    683 |    683 |      0 |    305 |     89 |   1 |  683.0 |
               +--------+--------+--------+--------+--------+-----+--------+

Top non-repeatable levels by time:
    D:10: 2401 daAuts
     D:9: 2202 daAuts
     D:4: 1133 daAuts
     D:5: 1108 daAuts
     D:6: 1105 daAuts
     D:7: 1073 daAuts
     D:8: 1027 daAuts
     D:2: 776 daAuts
  Bailey: 683 daAuts
     D:1: 670 daAuts
    D:11: 611 daAuts
  Lair:1: 602 daAuts
     D:3: 462 daAuts
  Temple: 37 daAuts
